 Dungeon Crawl Stone Soup version 0.23-a0-650-ga4d50d4d25 (webtiles) character file.

492 MirrMurr the Covert (level 6, 0/28 HPs)
             Began as a Spriggan Enchanter on Jan 6, 2019.
             Slain by Natasha (7 damage)
             ... on level 4 of the Dungeon.
             The game lasted 00:11:00 (4689 turns).

MirrMurr the Covert (Spriggan Enchanter)            Turns: 4689, Time: 00:11:01

Health: 0/28       AC:  2    Str:  6    XL:     6   Next: 91%
Magic:  3/12       EV: 18    Int: 17    God:
Gold:   235        SH:  0    Dex: 16    Spells: 3/12 levels left

rFire    . . .     SeeInvis +   a - +1 dagger
rCold    . . .     Gourm    .   (shield restricted)
rNeg     . . .     Faith    .   b - +0 robe
rPois    .         Spirit   .   (helmet restricted)
rElec    .         Reflect  .   o - scarf {repulsion}
rCorr    .         Harm     .   (gloves unavailable)
MR       +....                  (boots unavailable)
Stlth    ++++......             l - amulet of regeneration
HPRegen  0.49/turn              (no ring)
MPRegen  0.13/turn              (no ring)

@: repel missiles, very quick
A: very small, unfitting armour, see invisible, herbivore, speed 3, slow
metabolism 2
a: no special abilities


You were on level 4 of the Dungeon.
You were not hungry.

You visited 1 branch of the dungeon, and saw 4 of its levels.

You collected 235 gold pieces.

Inventory:

Hand Weapons
 a - a +1 dagger (weapon)
 j - a +0 hunting sling
Missiles
 e - 201 stones (quivered)
 f - 2 throwing nets
 m - 16 sling bullets
 u - 8 curare-tipped needles
Armour
 b - a +0 robe (worn)
 o - a scarf of repulsion (worn)
Jewellery
 l - an amulet of regeneration (around neck)
Scrolls
 d - a scroll of immolation
 g - 3 scrolls of magic mapping
 k - a scroll of fear
 n - 2 scrolls of amnesia
 q - 3 scrolls of teleportation
 r - 3 scrolls of remove curse
Potions
 h - a potion of resistance {unknown}
 i - a potion of curing
 p - 2 potions of flight
 s - 2 potions of lignification {unknown}
 t - a potion of haste
Comestibles
 c - a ration


   Skills:
 - Level 5.0 Short Blades
 - Level 3.0 Dodging
 - Level 8.0 Stealth
 + Level 3.7 Spellcasting
 * Level 5.1 Hexes


You had 3 spell levels left.
You knew the following spells:

 Your Spells              Type           Power        Failure   Level  Hunger
a - Ensorcelled Hibernat  Hex/Ice        ##....       9%          2    ##.....
b - Confuse               Hex            ###.....     6%          3    ###....
c - Tukima's Dance        Hex            ###.....     6%          3    ###....
C - Corona                Hex            ###....      1%          1    None

Your spell library contained the following spells:

 Spells                   Type           Power        Failure   Level  Hunger
 Dazzling Spray           Conj/Hex       ##....       17%         3    ###....


Dungeon Overview and Level Annotations

Branches:
Dungeon (4/15)
 Temple: D:4-7

Altars:
Qazlal

Annotations:
D:3 dig fly
D:4 Natasha


Innate Abilities, Weirdness & Mutations

You are very small and have problems with some larger weapons.
You are too small for most types of armour.
You have supernaturally acute eyesight. (SInv)
You are a herbivore.
You cover ground extremely quickly.
You need to consume almost no food.


Message History

Aiming: Ensorcelled Hibernation (safe; 9% risk of failure)
Press: ? - help, Shift-Dir - straight line, f/p - Natasha
Aim: Natasha (chance to defeat MR: 42%) Natasha resists with some effort.
Natasha claws you.
You closely miss Natasha.
Casting: Ensorcelled Hibernation (safe; 9% risk of failure)
Confirm with . or Enter, or press ? or * to list all spells.
Aiming: Ensorcelled Hibernation (safe; 9% risk of failure)
Press: ? - help, Shift-Dir - straight line, f/p - Natasha
Aim: Natasha (chance to defeat MR: 42%) Natasha resists with some effort.
Natasha claws you!
* * * LOW HITPOINT WARNING * * *
You are too injured to fight recklessly!
Casting: Ensorcelled Hibernation (safe; 9% risk of failure)
Confirm with . or Enter, or press ? or * to list all spells.
Aiming: Ensorcelled Hibernation (safe; 9% risk of failure)
Press: ? - help, Shift-Dir - straight line, f/p - Natasha
Aim: Natasha (chance to defeat MR: 42%) Natasha resists with some effort.
Natasha claws you!
You die...

##.### ##... #.
. ..# #.... #.
#.#.# #####...
#.
#.#.####......#
#.
#........####..
#. ###.######
#.# #. #.# #.#
#h#####.# #.#
#.@.....# #.#
######### #.#
#.# #.


You could see Natasha.

Vanquished Creatures
  Sigmund (D:3)
  A howler monkey (D:4)
  2 orc priests
  3 orc wizards (D:4)
  Jessica (D:3)
  A worker ant (D:2)
  Robin (D:4)
  An adder (D:2)
  3 worms
  2 dart slugs
  3 leopard geckos
  7 orcs (D:4)
  5 giant cockroaches
  8 goblins
  8 hobgoblins
  2 jackals (D:4)
  7 kobolds
  2 quokkas
  A ball python (D:4)
  8 bats
  2 frilled lizards
  A giant cockroach zombie (D:4)
  11 rats
81 creatures vanquished.

Notes
Turn   | Place    | Note
-------+----------+-------------------------------------------
     0 | D:1      | MirrMurr the Spriggan Enchanter began the quest for the
                  | Orb.
     0 | D:1      | Reached XP level 1. HP: 9/9 MP: 5/5
   254 | D:1      | Reached XP level 2. HP: 13/13 MP: 6/6
   278 | D:1      | Learned a level 2 spell: Ensorcelled Hibernation
   280 | D:1      | Reached skill level 5 in Stealth
  1351 | D:2      | Reached XP level 3. HP: 11/16 MP: 5/8
  1668 | D:2      | Reached skill level 6 in Stealth
  1668 | D:2      | Reached XP level 4. HP: 21/21 MP: 5/9
  2398 | D:3      | Noticed Sigmund
  2756 | D:3      | Killed Sigmund
  2756 | D:3      | Reached skill level 7 in Stealth
  2756 | D:3      | Reached XP level 5. HP: 24/24 MP: 1/10
  3094 | D:3      | Noticed Jessica
  3103 | D:3      | Killed Jessica
  3103 | D:3      | Reached skill level 8 in Stealth
  3110 | D:3      | Reached XP level 6. HP: 28/28 MP: 8/11
  3115 | D:3      | Learned a level 3 spell: Confuse
  3119 | D:3      | Learned a level 3 spell: Tukima's Dance
  3671 | D:4      | Noticed Robin
  4038 | D:4      | Killed Robin
  4406 | D:4      | Found a stormy altar of Qazlal.
  4444 | D:4      | Reached skill level 5 in Short Blades
  4681 | D:4      | Reached skill level 5 in Hexes
  4683 | D:4      | Noticed Natasha
  4689 | D:4      | Slain by Natasha

Vault maps used:
D:1:      dpeg_arrival_rooms_b, hangedman_decor_slide_cut
D:3:      first_ration, chequers_serial_rivers_large_b,
          corexii_item_surrounded_by_moat, due_unseen_surprise, uniq_sigmund,
          uniq_jessica
D:4:      kennysheep_spiral_hall, grunt_qazlal_clouds, uniq_robin, uniq_natasha

Skill      XL: |  1  2  3  4  5  6 |
---------------+-------------------+-----
Stealth        | 5 6 7 8 |  8.0
Short Blades   | 2 3 4 5 |  5.0
Hexes          | 5 |  5.1
Spellcasting   | 3 |  3.7
Dodging        | |  3.0

Action                   |  1- 3 |  4- 6 || total
-------------------------+-------+-------++-------
Melee: Dagger            |    81 |   207 ||   288
 Cast: Ensorcelled Hiber |    13 |    53 ||    66
       Confuse           |       |     2 ||     2
  Use: Scroll            |       |    14 ||    14
       Potion            |       |     2 ||     2
 Stab: Sleeping          |    18 |    32 ||    50
  Eat: Ration            |       |     3 ||     3
Armor: Robe              |     5 |    17 ||    22
Dodge: Dodged            |    49 |   155 ||   204
       Deflected         |       |     2 ||     2

Table legend:
 A = Non-vault XP
 B = Vault XP
 C = Vault XP percentage of total XP
 D = Non-vault monster count
 E = Vault monster count
 F = Vault count percentage of total count
                 A         B        C        D         E       F
            +---------+---------+-------+---------+---------+-------
      Total |     428 |     276 |  39.2 |      72 |       9 |  11.1
            +---------+---------+-------+---------+---------+-------
        D:1 |      25 |       0 |   0.0 |      17 |       0 |   0.0
        D:2 |      88 |       0 |   0.0 |      22 |       0 |   0.0
        D:3 |      63 |     249 |  79.8 |      15 |       2 |  11.8
        D:4 |     252 |      27 |   9.7 |      18 |       7 |  28.0
            +---------+---------+-------+---------+---------+-------
